cohdb
Replays
Latest Replays
All Replays
Popular Replays
Top Player Replays
Match Explorer
How It Works
Community
CoH3 Stats
Reddit
Sign in to upload your games and track your stats! →
Sign in with Steam
Match 41740986
Unlisted
Match 41740986
Overview
Messages
Build Orders
End
Kradschützen Motorcycle Team
Panzergrenadier Squad
Selects Panzerjäger Kommand Battlegroup
Selects Mine Fields
Panzerpioneer Squad
Construct Light Support Kompanie
MG34 Team
Assault Grenadier Squad
Fire Support Elements
Leorique
BIOHAZARD
0
0
Comments
sign in to comment!
No comments posted yet!